 Dungeon Crawl Stone Soup version 0.24.0-13-gcf9b3192b9 (webtiles) character file.

Game seed: 8672177723725185246, levelgen mode: deterministic

1670 Delamore the Cleaver (level 9, -9/70 HPs)
             Began as a Hill Orc Monk on Nov 5, 2019.
             Was a Believer of Beogh.
             Mangled by a two-headed ogre
             ... wielding a cursed -2 giant spiked club
              (24 damage)
             ... on level 8 of the Dungeon.
             The game lasted 00:12:34 (9196 turns).

Delamore the Cleaver (Hill Orc Monk)                Turns: 9196, Time: 00:12:34

Health: -9/70      AC:  9    Str: 17    XL:     9   Next: 1%
Magic:  9/9        EV:  7    Int: 13    God:    Beogh [**....]
Gold:   326        SH:  0    Dex: 13    Spells: 8/8 levels left

rFire    . . .     SeeInvis .   a - +0 hand axe
rCold    + . .     Gourm    .   (no shield)
rNeg     . . .     Faith    .   x - +1 chain mail {rC+}
rPois    .         Spirit   .   (no helmet)
rElec    .         Reflect  .   (no cloak)
rCorr    .         Harm     .   (no gloves)
MR       +....                  (no boots)
Stlth    ..........             (no amulet)
HPRegen  0.21/turn              q - ring "Podiecri" {+Inv MR+ Stlth+}
MPRegen  0.11/turn              A - +3 ring of intelligence

@: no status effects
A: no striking features
a: Smiting, Renounce Religion, Evoke Invisibility


You were on level 8 of the Dungeon.
You worshipped Beogh.
Beogh was pleased with you.
You were hungry.

You visited 1 branch of the dungeon, and saw 8 of its levels.

You collected 326 gold pieces.

Inventory:

Hand Weapons
 a - a +0 hand axe (weapon)
Armour
 e - a +0 scale mail
 x - a +1 chain mail of cold resistance (worn)
Jewellery
 p - an uncursed amulet of harm
 q - the ring "Podiecri" (left hand) {+Inv MR+ Stlth+}
   (You found it on level 6 of the Dungeon)

   [ring of stealth]

   It affects your resistance to hostile enchantments.
   It lets you turn invisible.
   It makes you more stealthy.
 A - a +3 ring of intelligence (right hand)
Wands
 t - a wand of clouds (4)
 w - a wand of iceblast (13)
Scrolls
 d - a scroll of silence {unknown}
 h - 2 scrolls of teleportation {unknown}
 j - 4 scrolls of identify
 m - a scroll of immolation {unknown}
 n - a scroll of enchant armour {unknown}
 o - 2 scrolls of fog {unknown}
 r - 2 scrolls of enchant weapon {unknown}
 s - 4 scrolls of remove curse
 u - a scroll of blinking {unknown}
 z - a scroll of holy word {unknown}
 C - 2 scrolls of magic mapping {unknown}
Potions
 b - 4 potions of curing
 f - a potion of might {unknown}
 i - a potion of heal wounds
 k - a potion of resistance {unknown}
 l - a potion of invisibility {unknown}
 v - 2 potions of lignification {unknown}
 B - a potion of haste {unknown}
Comestibles
 c - 15 rations


   Skills:
 - Level 3.6 Fighting
 + Level 13.6 Axes
 + Level 3.1 Throwing
 - Level 2.4 Dodging
 - Level 1.5 Stealth


You had 8 spell levels left.
You didn't know any spells.
Your spell library was empty.

Dungeon Overview and Level Annotations

Branches:
Dungeon (8/15)             Temple (0/1) D:5
   Lair: D:8-11

Altars:
Dithmenos
Elyvilon
Kikubaaqudgha
Makhleb
Okawaru
Qazlal
Zin


Message History

The two-headed ogre barely misses you.
The two-headed ogre hits you with a +0 giant club!
You hit the two-headed ogre but do no damage.
The two-headed ogre is moderately wounded.
You completely miss the two-headed ogre.
The two-headed ogre is moderately wounded.
You hit the two-headed ogre.
The two-headed ogre is moderately wounded.
The two-headed ogre hits you with a cursed -2 giant spiked club!!
The two-headed ogre hits you with a +0 giant club!
* * * LOW HITPOINT WARNING * * *
You hit the two-headed ogre.
The two-headed ogre is moderately wounded.
You feel much better.
The two-headed ogre hits you with a cursed -2 giant spiked club.
The two-headed ogre hits you with a +0 giant club!
* * * LOW HITPOINT WARNING * * *
You fail to use your ability.
The two-headed ogre hits you with a cursed -2 giant spiked club!!
You die...

............
......(.......
#........O....$
###
...(..?((Z<....
..###.
...$.)...#.#.
?...##.......###
.. ##...Z.......
# ##...........
#.<@O%.....##
#..........##
##...###....#
#...... .>..#
#...(... ....#
#....##.# ....#
#..### ## ....
### ##..


You could see a two-headed ogre and a centaur skeleton.

Vanquished Creatures
  Menkaure (D:4)
  An ice beast (D:6)
  A centaur (D:7)
  An ogre (D:4)
  5 bullfrogs
  A bullfrog zombie (D:5)
  2 howler monkeys
  2 crimson imps
  A jelly (D:5)
  An orc priest (D:7)
  A centaur skeleton (D:8)
  A bullfrog skeleton (D:7)
  5 hounds
  3 orc wizards
  Jessica (D:2)
  5 worker ants
  A killer bee zombie (D:7)
  2 hound skeletons
  A howler monkey zombie (D:6)
  13 adders
  An ooze (D:1)
  2 worms
  5 dart slugs
  5 leopard geckos
  10 orcs
  12 giant cockroaches
  8 goblins
  4 hobgoblins
  10 jackals
  2 quokkas
  2 ball pythons
  13 bats
  5 frilled lizards
  2 jackal skeletons
  7 kobolds
  5 rats
142 creatures vanquished.

Notes
Turn   | Place    | Note
-------+----------+-------------------------------------------
     0 | D:1      | Delamore the Hill Orc Monk began the quest for the Orb.
     0 | D:1      | Reached XP level 1. HP: 19/19 MP: 1/1
   236 | D:1      | Reached XP level 2. HP: 26/26 MP: 2/2
   329 | D:1      | Reached skill level 5 in Axes
   794 | D:1      | Reached XP level 3. HP: 25/31 MP: 3/3
  1191 | D:2      | Reached skill level 6 in Axes
  1331 | D:2      | Noticed Jessica
  1337 | D:2      | Killed Jessica
  1337 | D:2      | Reached XP level 4. HP: 39/39 MP: 4/4
  1475 | D:2      | Reached skill level 7 in Axes
  1670 | D:2      | Reached XP level 5. HP: 22/45 MP: 5/5
  2214 | D:2      | Found a faded altar of an unknown god.
  3080 | D:3      | Reached skill level 8 in Axes
  3337 | D:3      | Found a stormy altar of Qazlal.
  3456 | D:3      | Reached XP level 6. HP: 43/51 MP: 6/6
  3579 | D:3      | Found an ancient bone altar of Kikubaaqudgha.
  3581 | D:3      | Found a white marble altar of Elyvilon.
  3704 | D:4      | Noticed Menkaure
  3711 | D:4      | HP: 2/51 [Menkaure/nerve-wracking pain (8)]
  4310 | D:4      | Killed Menkaure
  4310 | D:4      | Reached skill level 9 in Axes
  4832 | D:4      | Found an iron altar of Okawaru.
  4880 | D:4      | Reached skill level 10 in Axes
  4880 | D:4      | Reached skill level 1 in Throwing
  4880 | D:4      | Reached XP level 7. HP: 26/57 MP: 7/7
  5135 | D:4      | Found a burning altar of Makhleb.
  5172 | D:5      | Entered Level 5 of the Dungeon
  6139 | D:5      | Reached skill level 11 in Axes
  6169 | D:5      | Found a staircase to the Ecumenical Temple.
  6512 | D:5      | Found a glowing silver altar of Zin.
  6696 | D:6      | Reached XP level 8. HP: 64/64 MP: 8/8
  6707 | D:6      | Got a scorched copper ring
  6715 | D:6      | Identified the ring "Podiecri" {+Inv MR+ Stlth+} (You found
                  | it on level 6 of the Dungeon)
  6740 | D:6      | Became a worshipper of Beogh the Brigand
  6740 | D:6      | Reached * piety under Beogh
  6740 | D:6      | Reached ** piety under Beogh
  7122 | D:6      | Found a shadowy altar of Dithmenos.
  7564 | D:7      | Reached skill level 12 in Axes
  8216 | D:7      | Reached skill level 13 in Axes
  9064 | D:8      | Reached XP level 9. HP: 60/70 MP: 9/9
  9127 | D:8      | Noticed a two-headed ogre
  9196 | D:8      | Mangled by a two-headed ogre

Levels and vault maps discovered:
D:1:      minmay_arrival_shattered_statue, layout_basic, minmay_tetromino_t2
D:2:      minmay_roachtagon, layout_basic, chequers_ecumenical_altar_simple,
          uniq_jessica
D:3:      layout_basic, nicolae_overflow_hidden_temple, minitemple, st_stairs_11
D:4:      layout_rooms, kennysheep_okawaru_gauntlet, makhleb_heckhound_becter,
          uniq_menkaure
D:5:      layout_basic, zin_scriptorium, minmay_temple_entry_trees,
          first_ration, corexii_checkpoint_a
D:6:      layout_loops_corners, lemuel_coloured_pillars_altar
D:7:      layout_basic
D:8:      layout_cave_pools, lemuel_tele_altar, uniq_pikel, uniq_grum

Skill      XL: |  1  2  3  4  5  6  7  8 |
---------------+-------------------------+-----
Axes           | 5 6 7 8 10 11 13 | 13.6
Throwing       | 1 3 |  3.1
Fighting       | |  3.6
Dodging        | |  2.4
Stealth        | |  1.5

Action                   |  1- 3 |  4- 6 |  7- 9 || total
-------------------------+-------+-------+-------++-------
Melee: Hand axe          |   107 |   264 |   320 ||   691
Throw: Dart              |     2 |    10 |    25 ||    37
       Javelin           |       |       |     6 ||     6
Invok: Convert to Beogh  |       |       |     1 ||     1
  Use: Scroll            |       |     2 |     1 ||     3
       Potion            |       |       |     1 ||     1
  Eat: Chunk             |     1 |     8 |    10 ||    19
       Ration            |       |     1 |     1 ||     2
Armor: Chain mail        |    91 |   179 |   121 ||   391
Dodge: Dodged            |    35 |   102 |    91 ||   228
